 Dungeon Crawl Stone Soup version 0.19.1-1-g22dce08 (console) character file.

805 Grinner the Conjurer (level 7, 0/52 HPs)
             Began as a Minotaur Conjurer on Jan 21, 2017.
             Slain by an elf zombie (6 damage)
             ... on level 4 of the Dungeon.
             The game lasted 00:12:21 (4361 turns).

Grinner the Conjurer (Minotaur Conjurer)            Turns: 4361, Time: 00:12:22

Health: 0/52       AC:  4    Str: 15      XL:     7   Next: 60%
Magic:  11/11      EV: 13    Int:  9 (12) God:
Gold:   226        SH:  0    Dex: 12      Spells: 2 memorised, 10 levels left

rFire  + . .     SeeInvis .     a - +4 dagger
rCold  + . .     Gourm    .     h - +2 robe {rC+}
rNeg   . . .     Faith    .     (no shield)
rPois  .         Spirit   .     (helmet unavailable)
rElec  .         Reflect  .     (no cloak)
rCorr  .         Harm     .     (no gloves)
MR     .....     Clarity  +     (no boots)
Stlth  ++........               (no amulet)
                                (no ring)
                                g - ring of protection from fire

@: no status effects
A: retaliatory headbutt, horns 3, clarity, strong 1
a: no special abilities


You were on level 4 of the Dungeon.
You were not hungry.

You visited 1 branch of the dungeon, and saw 4 of its levels.

You collected 226 gold pieces.

Inventory:

Hand Weapons
 a - a +4 dagger (weapon)
Armour
 h - a +2 robe of cold resistance (worn)
 i - a +0 cloak
Jewellery
 g - a ring of protection from fire (left hand)
Scrolls
 d - a scroll of recharging
 e - 2 scrolls of identify
 j - a scroll of remove curse
 q - a scroll of fear
Potions
 f - a potion of curing
 k - 2 potions of flight
Books
 b - a book of Conjurations

   Spells                             Type                      Level
   a - Magic Dart                     Conjuration                  1
   b - Searing Ray                    Conjuration                  2
   c - Dazzling Spray                 Conjuration/Hexes            3
   d - Fulminant Prism                Conjuration/Hexes            4
   e - Iskenderun's Mystic Blast      Conjuration                  4
   f - Iskenderun's Battlesphere      Conjuration/Charms           5
Comestibles
 c - 3 bread rations
 n - a meat ration


   Skills:
 - Level 1.2 Fighting
 + Level 3.4 Short Blades
 + Level 4.0 Dodging
 - Level 1.5 Stealth
 - Level 0.4 Unarmed Combat
 * Level 3.5 Spellcasting
 * Level 4.9 Conjurations


You had 10 spell levels left.
You knew the following spells:

 Your Spells              Type           Power        Failure   Level  Hunger
x - Searing Ray           Conj           ##....       8%          2    ###....
z - Magic Dart            Conj           ##..         4%          1    #......


Dungeon Overview and Level Annotations

Branches:
Dungeon (4/15)
 Temple: D:4-7

Altars:
The Shining One
Beogh


Innate Abilities, Weirdness & Mutations

You reflexively headbutt those who attack you in melee.
You have a pair of large horns on your head.
You possess an exceptional clarity of mind.
Your muscles are strong. (Str +2)


Message History

The elf zombie closely misses you.
You hit the elf zombie.
The elf zombie is moderately damaged.
You hit the elf zombie.
The elf zombie is moderately damaged.
The elf zombie hits you.
* * * LOW HITPOINT WARNING * * *
You hit the elf zombie.
The elf zombie is moderately damaged.
The elf zombie misses you. You furiously retaliate!
You headbutt the elf zombie. You hit the elf zombie.
The elf zombie is heavily damaged.
You closely miss the elf zombie. Your headbutt misses the elf zombie.
The elf zombie is heavily damaged.
The elf zombie closely misses you.
You closely miss the elf zombie.
The elf zombie is heavily damaged.
The elf zombie hits you.
You die...

#####.....# .# #. .#...<....#
### .#.##.....# # ..#
.#.##.....# .#.#.#####.#
....#........ ...........#+#+##
....#..###### #######'#.......#
....#..# #.#.......#
....#..########+#+#+#.#.......#
...##..#...$..#Z@...'.#.......#
...# ..#......###...###.......#
...# ..#......#.'...'.#.......#
.#.....#......#'#'#'#'#.......#
.#.##.##......#.#.#.#.#.......#
.#.# O##......#########.......#
.#.##.########'#..............#
.#....................##+######
....#.########.#......##.


You could see an elf zombie.

Vanquished Creatures
  A phantom (D:4)
  An elf skeleton (D:4)
  A crimson imp (D:3)
  A bullfrog skeleton (D:3)
  4 orc priests (D:3)
  3 orc wizards (D:3)
  2 iguanas (D:4)
  A human skeleton (D:4)
  Natasha (twice) (D:3)
  3 worker ants (D:4)
  9 adders
  3 worms
  2 dart slugs
  3 leopard geckos (D:3)
  13 orcs
  4 giant cockroaches
  11 goblins
  7 hobgoblins
  10 jackals
  7 kobolds
  2 quokkas (D:3)
  A ball python (D:2)
  8 bats
  A frilled lizard (D:1)
  An orc skeleton (D:4)
  An orc zombie (D:4)
  7 rats
109 creatures vanquished.

Notes
Turn   | Place    | Note
-------+----------+-------------------------------------------
     0 | D:1      | Grinner the Minotaur Conjurer began the quest for the Orb.
     0 | D:1      | Reached XP level 1. HP: 14/14 MP: 1/1
     6 | D:1      | Noticed a five-headed hydra
     6 | D:1      | Noticed a swamp worm
     6 | D:1      | Noticed a salamander
   145 | D:1      | Reached skill level 1 in Fighting
   147 | D:1      | Reached XP level 2. HP: 17/23 MP: 3/3
   409 | D:1      | Learned a level 2 spell: Searing Ray
   932 | D:2      | Reached XP level 3. HP: 28/28 MP: 4/4
  1206 | D:2      | Reached skill level 1 in Short Blades
  1391 | D:2      | Reached XP level 4. HP: 35/35 MP: 5/5
  1543 | D:2      | Found a glowing golden altar of the Shining One.
  1815 | D:3      | Gained mutation: You have a pair of large horns on your head. [potion of mutation]
  1815 | D:3      | Gained mutation: You possess an exceptional clarity of mind. [potion of mutation]
  1815 | D:3      | Gained mutation: Your muscles are strong. (Str +2) [potion of mutation]
  2165 | D:3      | Found a roughly hewn altar of Beogh.
  2469 | D:3      | Reached XP level 5. HP: 22/40 MP: 7/7
  2667 | D:3      | Noticed Natasha
  2675 | D:3      | Killed Natasha
  3083 | D:3      | Reached XP level 6. HP: 34/47 MP: 1/9
  3313 | D:3      | Noticed Natasha
  3321 | D:3      | Killed Natasha
  3602 | D:3      | Reached XP level 7. HP: 22/52 MP: 10/10
  4057 | D:4      | HP: 1/52 [phantom (5)]
  4361 | D:4      | Slain by an elf zombie

Skill      XL: |  1  2  3  4  5  6  7 |
---------------+----------------------+-----
Fighting       | 1 |  1.2
Conjurations   | 3 4 |  4.9
Short Blades   | 1 2 3 |  3.4
Spellcasting   | 2 3 |  3.5
Dodging        | 3 4 |  4.0
Stealth        | |  1.5
Unarmed Combat | |  0.4

Action                   |  1- 3 |  4- 6 |  7- 9 || total
-------------------------+-------+-------+-------++-------
Melee: Unarmed           |    45 |       |       ||    45
       Headbutt          |     9 |    25 |    15 ||    49
       Dagger            |    44 |   188 |    87 ||   319
       Punch             |       |       |     1 ||     1
 Cast: Magic Dart        |    12 |    30 |    13 ||    55
  Use: Potion            |       |     5 |     4 ||     9
       Scroll            |       |     8 |       ||     8
 Stab: Sleeping          |     4 |     1 |     1 ||     6
       Distracted        |       |     1 |       ||     1
  Eat: Chunk             |     2 |     3 |     3 ||     8
       Bread ration      |       |     1 |       ||     1
Armor: Robe              |    12 |    44 |     7 ||    63
       Skin              |       |    15 |       ||    15
Dodge: Dodged            |    61 |   112 |    37 ||   210
